 Dungeon Crawl Stone Soup version 0.23-a0-407-g92528d7 (webtiles) character file.

419 RoseArtemis the Sneak (level 6, 0/28 HPs)
             Began as a Spriggan Enchanter on Nov 7, 2018.
             Was an Initiate of Sif Muna.
             Slain by a shadow imp (2 damage)
             ... on level 4 of the Dungeon.
             The game lasted 00:12:41 (6662 turns).

RoseArtemis the Sneak (Spriggan Enchanter)          Turns: 6662, Time: 00:12:42

Health: 0/28       AC:  2    Str:  4    XL:     6   Next: 62%
Magic:  12/13      EV: 20    Int: 18    God:    Sif Muna [......]
Gold:   128        SH:  0    Dex: 17    Spells: 10/13 levels left

rFire    . . .     SeeInvis +   a - +1 dagger
rCold    . . .     Gourm    .   (shield restricted)
rNeg     . . .     Faith    .   b - +0 robe
rPois    .         Spirit   .   (helmet restricted)
rElec    .         Reflect  .   (no cloak)
rCorr    .         Harm     .   (gloves unavailable)
MR       +....     Rnd*Tele +   (boots unavailable)
Stlth    +++.......             (no amulet)
HPRegen  0.09/turn              g - ring of wizardry
MPRegen  0.13/turn              o - ring of teleportation (curse)

@: very quick
A: very small, unfitting armour, see invisible, herbivore, speed 3, slow
metabolism 2
a: Renounce Religion


You were on level 4 of the Dungeon.
You worshipped Sif Muna.
Sif Muna was noncommittal.
You were very hungry.

You visited 1 branch of the dungeon, and saw 5 of its levels.

You collected 128 gold pieces.

Inventory:

Hand Weapons
 a - a +1 dagger (weapon)
Armour
 b - a +0 robe (worn)
Jewellery
 g - a ring of wizardry (left hand)
 n - an uncursed ring of wizardry
 o - a cursed ring of teleportation (right hand)
Wands
 i - a wand of disintegration (19)
Scrolls
 e - a scroll of magic mapping
 q - a scroll of blinking {unknown}
Potions
 c - a potion of brilliance {unknown}
 f - a potion of ambrosia {unknown}
 h - 3 potions of mutation
 j - 2 potions of cancellation
 k - a potion of degeneration {unknown}
 m - a potion of agility {unknown}
 p - a potion of berserk rage {unknown}
 r - 2 potions of curing {unknown}
 s - a potion of haste {unknown}
Comestibles
 d - 6 rations


   Skills:
 + Level 3.0 Short Blades
 + Level 4.8 Dodging
 + Level 6.4 Stealth
 + Level 4.2 Spellcasting
 * Level 6.0 Hexes


You had 10 spell levels left.
You knew the following spells:

 Your Spells              Type           Power        Failure   Level  Hunger
a - Corona                Hex            ####...      1%          1    None
b - Ensorcelled Hibernat  Hex/Ice        ##....       2%          2    ##.....

Your spell library contained the following spells:

 Spells                   Type           Power        Failure   Level  Hunger
 Confuse                  Hex            ####....     1%          3    ###....
 Tukima's Dance           Hex            ####....     1%          3    ###....
 Dazzling Spray           Conj/Hex       ##....       5%          3    ###....
 Magic Dart               Conj           #...         6%          1    None
 Pain                     Necr           #...         6%          1    None
 Searing Ray              Conj           #.....       9%          2    ##.....
 Fulminant Prism          Conj/Hex       ##........   16%         4    ####...
 Force Lance              Conj/Tloc      #.......     47%         4    ####...
 Iskenderun's Mystic Bla  Conj           #.......     47%         4    ####...


Dungeon Overview and Level Annotations

Branches:
Dungeon (5/15)
 Temple: D:4-7

Altars:
Cheibriados
Dithmenos
Elyvilon
Hepliaklqana
Kikubaaqudgha
Okawaru
Sif Muna
Vehumet
Xom

Annotations:
D:3 Natasha


Innate Abilities, Weirdness & Mutations

You are very small and have problems with some larger weapons.
You are too small for most types of armour.
You have supernaturally acute eyesight. (SInv)
You are a herbivore.
You cover ground extremely quickly.
You need to consume almost no food.


Message History

The shadow imp completely misses you. The shadow imp completely misses you.
There is a stone staircase leading up here.
The shadow imp gestures at you. You resist with significant effort.
You climb upwards.
There is a stone staircase leading down here.
Aim: a shadow imp (chance to defeat MR: 73%)
The shadow imp is outlined in light.
The shadow imp hits you.
* * * LOW HITPOINT WARNING * * *
You hit the shadow imp but do no damage.
You hit the shadow imp. The shadow imp completely misses you.
You hit the shadow imp but do no damage.
The shadow imp summons a swarm of flies.
The shadow imp barely misses you.
You hit the shadow imp. The shadow imp closely misses you.
You completely miss the shadow imp. The shadow imp hits you.
* * * LOW HITPOINT WARNING * * *
You hit the shadow imp. The shadow imp hits you.
You die...

##### ######...# #########
#......#.# #.5@....#
#.####...#
#.#####.######### #.#
##.## #.# #.........####
#.# #.#
#.#####.#..........# #.#
#.#####.##......#####.#..(
##.###
#..........##.#######.#...
.....#
#######.####..............
.....#########.#
#..#######.#...
...............####..#
#.#...


You could see a shadow imp.

Vanquished Creatures
  An ogre (D:4)
  An orc priest (D:3)
  An orc wizard (D:3)
  Natasha (twice) (D:3)
  4 worker ants
  3 adders
  2 shadow imps
  3 oozes
  4 worms
  A dart slug (D:3)
  3 leopard geckos
  3 orcs
  2 giant cockroaches
  5 hobgoblins
  4 jackals (D:2)
  10 kobolds
  A quokka (D:4)
  8 bats
  9 frilled lizards
  4 goblins
  2 leopard gecko skeletons
  A quokka skeleton (D:4)
  7 rats
81 creatures vanquished.

Notes
Turn   | Place    | Note
-------+----------+-------------------------------------------
     0 | D:1      | RoseArtemis the Spriggan Enchanter began the quest for the
                  | Orb.
     0 | D:1      | Reached XP level 1. HP: 9/9 MP: 5/5
   609 | D:1      | Reached XP level 2. HP: 13/13 MP: 6/6
   613 | D:1      | Learned a level 2 spell: Ensorcelled Hibernation
  1784 | D:2      | Reached XP level 3. HP: 16/16 MP: 5/8
  1970 | D:2      | Found a hazy altar of Hepliaklqana.
  2001 | D:2      | Found a snail-covered altar of Cheibriados.
  2009 | D:2      | Reached skill level 5 in Stealth
  2819 | D:2      | Reached XP level 4. HP: 21/21 MP: 6/9
  3505 | D:3      | Found an iron altar of Okawaru.
  3515 | D:3      | Found a white marble altar of Elyvilon.
  3550 | D:3      | Noticed Natasha
  3553 | D:3      | Killed Natasha
  3558 | D:3      | Found an ancient bone altar of Kikubaaqudgha.
  3558 | D:3      | Found a deep blue altar of Sif Muna.
  3560 | D:3      | Found a radiant altar of Vehumet.
  3562 | D:3      | Identified Kikubaaqudgha's Compendium of Necromancy
  3591 | D:3      | Became a worshipper of Sif Muna the Loreminder
  4322 | D:3      | Reached skill level 5 in Hexes
  4322 | D:3      | Reached XP level 5. HP: 8/24 MP: 2/11
  4630 | D:3      | Noticed Natasha
  4637 | D:3      | Killed Natasha
  4795 | D:4      | Noticed Natasha
  5097 | D:4      | Noticed an ogre
  5277 | D:4      | Reached XP level 6. HP: 24/28 MP: 7/12
  5439 | D:4      | Found a shimmering altar of Xom.
  5786 | D:4      | Found a shadowy altar of Dithmenos.
  5981 | D:5      | Entered Level 5 of the Dungeon
  6662 | D:4      | Slain by a shadow imp

Vault maps used:
D:1:      minmay_arrival_wavy_path
D:2:      cheibriados_altar_1, lemuel_crystal_altar, first_ration,
          minmay_heptomino_w4
D:3:      kennysheep_big_flooded_room, grunt_temple_overflow_magic_moments,
          lemuel_crystal_altar, lemuel_round_altar, uniq_natasha
D:4:      nicolae_overflow_crystal_walls, grunt_dithmenos_shadows
D:5:      chequers_serial_rivers_large_a

Skill      XL: |  1  2  3  4  5  6 |
---------------+-------------------+-----
Hexes          | 4 5 6 |  6.0
Spellcasting   | 3 4 |  4.2
Stealth        | 5 6 |  6.4
Short Blades   | 2 3 |  3.0
Dodging        | 4 |  4.8

Action                   |  1- 3 |  4- 6 || total
-------------------------+-------+-------++-------
Melee: Dagger            |   101 |   155 ||   256
 Cast: Corona            |    10 |     5 ||    15
       Ensorcelled Hiber |    37 |    43 ||    80
  Use: Scroll            |       |     5 ||     5
 Stab: Sleeping          |    29 |    32 ||    61
  Eat: Ration            |       |     3 ||     3
Armor: Robe              |     9 |     6 ||    15
Dodge: Dodged            |    95 |   118 ||   213

Table legend:
 A = Non-vault XP
 B = Vault XP
 C = Vault XP percentage of total XP
 D = Non-vault monster count
 E = Vault monster count
 F = Vault count percentage of total count
                 A         B        C        D         E       F
            +---------+---------+-------+---------+---------+-------
      Total |     534 |      65 |  10.9 |      68 |      13 |  16.0
            +---------+---------+-------+---------+---------+-------
        D:1 |      25 |       0 |   0.0 |      15 |       0 |   0.0
        D:2 |      68 |      13 |  16.0 |      20 |       9 |  31.0
        D:3 |     157 |      40 |  20.3 |      19 |       3 |  13.6
        D:4 |     238 |      12 |   4.8 |      11 |       1 |   8.3
        D:5 |      46 |       0 |   0.0 |       3 |       0 |   0.0
            +---------+---------+-------+---------+---------+-------
